 Dungeon Crawl Stone Soup version 0.29.1-2-gbd0b4ee654 (webtiles) character file.

Game seed: 14400884832987544058

304 xian the Gusty (level 6, -3/33 HPs)
             Began as a Tengu Air Elementalist on Oct 27, 2022.
             Slain by a black bear (4 damage)
             ... on level 4 of the Dungeon.
             The game lasted 00:06:18 (4160 turns).

xian the Gusty (Tengu Air Elementalist)             Turns: 4160, Time: 00:06:19

Health: -3/33      AC:  3    Str:  8    XL:     6   Next: 38%
Magic:  3/12       EV: 15    Int: 17    God:
Gold:   151        SH:  0    Dex: 15    Spells: 6/12 levels left

rFire   . . .      SeeInvis +   g - +0 spear
rCold   . . .      Faith    .   (no shield)
rNeg    . . .      Spirit   .   a - +0 robe
rPois   .          Reflect  .   (helmet restricted)
rElec   .          Harm     .   (no cloak)
rCorr   .          Rampage  .   k - +0 pair of gloves
Will    .....                   (boots unavailable)
Stlth   ++........              (no amulet)
HPRegen 0.11/turn               j - ring of see invisible
MPRegen 0.13/turn               (no ring)

@: flying quickly and evasively, quick
A: beak, talons 3, nimble flight
a: no special abilities


You were on level 4 of the Dungeon.
You visited 1 branch of the dungeon, and saw 4 of its levels.

You collected 151 gold pieces.

Inventory:

Hand Weapons
 g - a +0 spear (weapon)
Armour
 a - a +0 robe (worn)
 k - a +0 pair of gloves (worn)
 o - an orb of energy
Jewellery
 j - a ring of see invisible (left hand)
Wands
 q - a wand of polymorph (6)
 t - a wand of roots (15)
Scrolls
 d - a scroll of enchant armour {unknown}
 e - 4 scrolls of magic mapping {unknown}
 h - a scroll of noise {unknown}
 i - 2 scrolls of fear {unknown}
 l - 2 scrolls of poison {unknown}
 m - 4 scrolls of identify {unknown}
 p - a scroll of immolation {unknown}
 r - a scroll of fog {unknown}
 s - 3 scrolls of enchant weapon {unknown}
 v - a scroll of torment {unknown}
 x - a scroll of vulnerability {unknown}
Potions
 b - a potion of magic
 c - 2 potions of lignification {unknown}
 f - a potion of heal wounds {unknown}
 n - a potion of brilliance {unknown}
 u - 2 potions of attraction {unknown}
 w - a potion of flight {unknown}


   Skills:
 + Level 0.6 Fighting
 + Level 0.4 Polearms
 + Level 2.5 Dodging
 + Level 2.8 Stealth
 + Level 3.7 Spellcasting
 + Level 4.4 Conjurations
 + Level 5.6 Air Magic


You had 6 spell levels left.
You knew the following spells:

 Your Spells              Type           Power      Damage    Failure   Level
a - Shock                 Conj/Air       80%        1d8       1%          1
b - Static Discharge      Conj/Air       20%        3-6/arc   3%          2
c - Mephitic Cloud        Conj/Pois/Air  14%        N/A       12%         3

Your spell library contained the following spells:

 Spells                   Type           Power      Damage    Failure   Level
 Swiftness                Air            22%        N/A       4%          3
 Airstrike                Air            11%        2d(2-18)  16%         4
 Ignite Poison            Fire/Tmut/Pois 3%         N/A       43%         3
 Freezing Cloud           Conj/Ice/Air   7%         6-21      75%         5


Dungeon Overview and Level Annotations

Branches:
Dungeon (4/15)
 Temple: D:4-7

Altars:

Shops:
D:3 [


Innate Abilities, Weirdness & Mutations

You have a beak for a mouth.
You have claws for feet.
Your magical nature lets you fly swiftly and evasively.


Message History

You kill the orc!
An endoplasm comes into view.
The zap hits the endoplasm.
The endoplasm is moderately wounded.
The endoplasm quivers.
The zap hits the endoplasm!
You kill the endoplasm!
A black bear comes into view.
A black bear is nearby!
The black bear growls angrily.
The black bear bites you. The black bear misses you. The black bear claws you.
Casting: Shock (safe; 1% risk of failure)
Confirm with . or Enter, or press ? or * to list all spells.
The black bear is struck by an arc of lightning!
The black bear is moderately wounded.
You are struck by an arc of lightning.
The lightning grounds out.
The black bear misses you. The black bear claws you.
The black bear claws you but does no damage.
Casting: Static Discharge (safe; 3% risk of failure)
Confirm with . or Enter, or press ? or * to list all spells.
The black bear is struck by an arc of lightning!
The black bear is heavily wounded.
You are struck by an arc of lightning.
The lightning grounds out.
The black bear bites you. The black bear closely misses you.
The black bear claws you.
Unknown command.
Casting: Static Discharge (safe; 3% risk of failure)
Confirm with . or Enter, or press ? or * to list all spells.
The black bear is struck by an arc of lightning.
The black bear is severely wounded.
You are struck by an arc of lightning.
* * * LOW HITPOINT WARNING * * *
The black bear is struck by an arc of lightning.
The black bear is severely wounded.
You are struck by an arc of lightning.
* * * LOW HITPOINT WARNING * * *
The lightning grounds out.
The black bear bites you.
* * * LOW HITPOINT WARNING * * *
The black bear claws you.
You die...

######.......#
########.#####.#
.....).......#
#########....###.
.........†.......
#########..#.#### #.
............# #
#...########.#.#...
#...)h@...#......#
#.######.....#.#....
......###.##.#####
#####. #.# # #. #..
#. #.## #. #.# ..
###


You could see a black bear.

Vanquished Creatures
  An ice beast (D:3)
  Ijyb (D:3)
  Terence (D:3)
  Natasha (thrice) (D:3)
  3 adders
  A worm (D:2)
  3 dart slugs
  3 orcs
  8 bats
  6 endoplasms
  A giant cockroach (D:1)
  3 goblins
  4 hobgoblins
  3 quokkas
  4 ball pythons
  3 frilled lizards
  7 kobolds
  4 rats
59 creatures vanquished.

Vanquished Creatures (others)
  12 plants
12 creatures vanquished.

Grand Total: 71 creatures vanquished

Notes
Turn   | Place    | Note
-------+----------+-------------------------------------------
     0 | D:1      | xian the Tengu Air Elementalist began the quest for the
                  | Orb.
     0 | D:1      | Reached XP level 1. HP: 10/10 MP: 4/4
   258 | D:1      | Reached XP level 2. HP: 7/15 MP: 0/6
  1270 | D:1      | Found a faded altar of an unknown god.
  1335 | D:2      | Reached XP level 3. HP: 19/19 MP: 2/7
  1581 | D:2      | Learned a level 2 spell: Static Discharge
  1585 | D:2      | Learned a level 3 spell: Mephitic Cloud
  2526 | D:3      | Reached XP level 4. HP: 24/24 MP: 5/8
  2560 | D:3      | Noticed an ice beast
  2567 | D:3      | Killed an ice beast
  2568 | D:3      | Reached skill level 5 in Air Magic
  2568 | D:3      | Gained mutation: Your magical nature lets you fly swiftly
                  | and evasively. [Tengu growth]
  2568 | D:3      | Reached XP level 5. HP: 26/28 MP: 0/10
  2677 | D:3      | Found Vankazui's Armour Boutique.
  2699 | D:3      | Noticed Terence
  2704 | D:3      | Killed Terence
  2835 | D:3      | Noticed Ijyb
  2843 | D:3      | Killed Ijyb
  3199 | D:3      | Noticed Natasha
  3210 | D:3      | Killed Natasha
  3211 | D:3      | Reached XP level 6. HP: 12/33 MP: 3/12
  3441 | D:3      | Noticed Natasha
  3446 | D:3      | Killed Natasha
  3587 | D:3      | Noticed Natasha
  3595 | D:3      | Killed Natasha
  4153 | D:4      | Noticed a black bear
  4160 | D:4      | HP: 1/33 [black bear (2)]
  4160 | D:4      | Slain by a black bear

Illustrated notes

Levels and vault maps discovered:
D:1:      minmay_arrival_four_houses, layout_loops_ring,
          dilly_ecumenical_altar_fadedgnrine
D:2:      layout_basic
D:3:      cheibrodos_old_hovel, layout_loops_ring, serial_shops,
          nicolae_shop_behind_doors, grunt_ministairs_13, uniq_natasha,
          uniq_ijyb, uniq_terence
D:4:      layout_basic, gammafunk_temple_overflow_statue,
          minmay_temple_entry_tees

Skill      XL: |  1  2  3  4  5 |
---------------+----------------+-----
Conjurations   | 2 3 4 |  4.4
Spellcasting   | 3 |  3.7
Air Magic      | 5 |  5.6
Fighting       | |  0.6
Polearms       | |  0.4
Dodging        | |  2.5
Stealth        | |  2.8

Action                   |  1- 3 |  4- 6 || total
-------------------------+-------+-------++-------
Melee: Spear             |     7 |     1 ||     8
       Kick              |     4 |       ||     4
       Peck              |     1 |     1 ||     2
 Cast: Shock             |    71 |    57 ||   128
       Static Discharge  |     1 |    13 ||    14
Armor: Robe              |     1 |     5 ||     6
Dodge: Dodged            |     7 |     8 ||    15
